[Event "Prague Festival-Challengers 2022"]
[Site "Prague"]
[Date "2022.06.11"]
[Round "4.4"]
[White "Warmerdam, Max"]
[Black "Michalik, Peter"]
[Result "1-0"]
[ECO "D35"]
[WhiteElo "2614"]
[BlackElo "2579"]
[Annotator "TA"]
[PlyCount "199"]
[EventDate "2022.06.07"]
[EventType "tourn"]
[EventCountry "CZE"]
[SourceTitle "playchess.com"]
[Source "ChessBase"]
[SourceQuality "1"]
[TimeControl "40/5400+30:1800+30"]

1. d4 Nf6 2. c4 e6 3. Nf3 d5 4. Nc3 Be7 5. cxd5 exd5 6. Bf4 c6 7. e3 Bf5 8. Nh4 Bg4 9. Qc2 Nh5 10. h3 Be6 11. Nf3 Nxf4 12. exf4 g6 13. Bd3 Qd6 14. Ne2 Nd7 15. O-O Nf6 16. Ne5 Nd7 17. Nf3 Nf6 18. f5 gxf5 19. Bxf5 Bxf5 20. Qxf5 Nd7 (20... Ne4 $11) 21. Ng3 $16 O-O-O (21... Qg6 $16) 22. Ne5 $18 ({Don't take} 22. Qxf7 $6 Rdf8 23. Qh5 Qg6 $14) 22... Rdf8 23. Nxf7 Qf6 24. Qxf6 Bxf6 25. Nxh8 Bxd4 26. Rae1 Bxb2 27. Re7 Rxh8 28. Nf5 Ba3 29. Rg7 Bf8 30. Rf7 Ne5 31. Rf6 Bc5 32. Kh2 d4 (32... Rd8 $14) 33. Rc1 (33. Nd6+ $16 Kc7 34. Ne4) 33... Nd3 $11 34. Rxc5 (34. Rb1 {is interesting.} Rd8 35. Kg1 Rd7 36. Ng3) 34... Nxc5 35. Nxd4 Nd7 (35... Ne4 $11 36. Rf4 Nd6) 36. Rf7 (36. Rh6 $14 {deserves consideration.}) 36... h5 (36... c5 $5 37. Nf5 Rf8 38. Nd6+ Kc7 39. Nb5+ Kd8 40. Rxf8+ Nxf8 $11) 37. f4 a6 38. g3 c5 39. Nf5 Kc7 40. Kg2 c4 41. Ne3 b5 42. g4 hxg4 43. hxg4 Kd6 44. g5 c3 $1 45. g6 Rg8 (45... Rc8 $11) 46. f5 $14 Ne5 47. Rf6+ $1 Kc5 48. Re6 Nc6 $2 (48... Kd4 $1 $14) 49. Nc2 $2 ({White should play} 49. Kh3 $18) 49... a5 $11 50. Kf3 Nd4+ $1 51. Nxd4 Kxd4 52. Ke2 b4 53. f6 Rxg6 $2 (53... c2 $11 54. Kd2 Rxg6) 54. Rd6+ $18 Ke4 55. f7 Rxd6 56. f8=Q Rd2+ 57. Ke1 Rb2 (57... Rd5 $142 58. Qe7+ Kd4) 58. Qe7+ Kd3 59. Qd6+ Ke3 60. Qe5+ Kd3 61. Qf5+ Ke3 62. Kd1 a4 63. Qe6+ (63. Qe5+ $142 Kd3 64. Qb5+ Ke4 65. Qxa4) 63... Kd3 (63... Kf4 $142 64. Qc4+ Ke5) 64. Qd7+ $18 Kc4 65. Qc6+ Kd3 66. Qb5+ Kd4 67. Qxa4 Kc4 68. Qc6+ Kd4 69. Qb5 Rd2+ 70. Kc1 Rb2 71. Qb6+ Kd3 72. Qc5 $2 (72. Qa6+ $18 Ke3 73. Qc4) 72... Rc2+ $14 73. Kb1 (73. Kd1 $1 $14 Rd2+ 74. Kc1 Rc2+ 75. Kb1 Rb2+ 76. Kc1 Rc2+) 73... Rb2+ $11 74. Ka1 Kd2 $2 (74... Re2 $11 75. Qb5+ Kd2 76. Qd7+ Kc2 77. Qh7+ Kd2 78. Qh6+ Kc2 79. Qh7+ Kd2 80. Qd7+ Kc2 81. Qf5+ Kd2 82. Qg5+ Kc2) 75. Qf2+ Kd3 76. Qf1+ Kd4 77. Qf3 Kc4 78. Qe4+ Kc5 79. Qd3 Rd2 80. Qe3+ Kb5 81. Kb1 Rd1+ 82. Kc2 Rd2+ 83. Kc1 Kc4 84. Qb6 Rb2 85. Qc6+ Kd4 86. Qb5 Ke4 87. Qc5 Kd3 88. Qd5+ Ke3 89. Qc4 Kf2 90. a3 bxa3 91. Qxc3 Re2 92. Qc5+ ({Not} 92. Qxa3 Re1+ 93. Kc2 Re2+ 94. Kd1 Re1+ 95. Kc2 Re2+ 96. Kd1 Re1+ 97. Kc2 $11) 92... Kg2 93. Qxa3 Kf2 94. Qc5+ Kf3 95. Kd1 (95. Qf5+ $142 Ke3 96. Qg4 Rf2 97. Qe6+ Kf4 98. Qf6+ Kg3 99. Qg5+ Kf3 100. Qh5+ Kg3 101. Kd1) 95... Rf2 96. Qf5+ Ke3 97. Qe5+ Kf3 98. Ke1 Rg2 99. Qf5+ Ke3 100. Qh3+ 1-0

[Event "Prague Festival-Challengers 2022"]
[Site "Prague"]
[Date "2022.06.11"]
[Round "4.5"]
[White "Stocek, Jiri"]
[Black "Krzyzanowski, Marcin"]
[Result "0-1"]
[ECO "E10"]
[WhiteElo "2533"]
[BlackElo "2535"]
[Annotator "TA"]
[PlyCount "80"]
[EventDate "2022.06.07"]
[EventType "tourn"]
[EventCountry "CZE"]
[SourceTitle "playchess.com"]
[Source "ChessBase"]
[SourceQuality "1"]
[TimeControl "40/5400+30:1800+30"]

1. d4 Nf6 2. c4 e6 3. Nf3 c5 4. d5 b5 5. Bg5 exd5 6. cxd5 h6 7. Bxf6 Qxf6 8. Qc2 Na6 {[%emt 0:08:36] E10: Blumenfeld Gambit.} 9. Nc3 Rb8 10. e4 c4 {[%emt 0:13:18] White is slightly better.} 11. Be2 Bd6 12. O-O O-O {[%emt 0:00:50] [#]} 13. Rfe1 $146 ({Predecessor:} 13. a4 Nb4 14. Qd2 a6 15. axb5 axb5 16. Ra5 Re8 17. Rfa1 Bf4 18. Qd1 Ba6 19. g3 Bc7 20. Rxa6 Nxa6 21. d6 Qxd6 22. Qxd6 Bxd6 23. Rxa6 Bf8 24. Nd2 {½-½ (24) Blagojevic,D (2499)-Llaneza Vega,M (2470) Amantea 2010}) 13... Re8 14. a4 Nb4 $36 {[%emt 0:04:28][%mdl 2048] Black has some pressure.} 15. Qd2 Bf4 16. Qd1 a6 17. axb5 axb5 18. e5 (18. Bf1 $11 {keeps the balance.}) 18... Bxe5 $17 {[%emt 0:04:08] Black is more active. White is on the road to losing.} 19. Ne4 {[%emt 0:04:05] [#]} (19. Bf1 $17) 19... Bxh2+ $1 $19 20. Nxh2 Rxe4 21. Bf3 Rxe1+ 22. Qxe1 {[%emt 0:00:18] aiming for Qe8+.} Qd6 (22... Qxb2 $2 23. Qe8+ Kh7 24. Be4+ g6 25. Qxf7+ Qg7 26. Bxg6+ Kh8 27. Qe8+ Qg8 28. Qe5+ Qg7 29. Qxb8 $18) 23. Qe8+ Qf8 24. Qe5 d6 25. Qg3 (25. Qc3 {was worth a try.} Nd3 26. Be4) 25... Qe7 26. Be4 f5 ({Wrong is} 26... Qxe4 $2 27. Qxd6 Rb7 28. Qxb4 $19) 27. Bb1 Nxd5 28. Nf3 Qf6 {[%emt 0:02:22] Prevents Nd4.} 29. Ra7 Rb7 30. Ra6 Rd7 (30... Qxb2 $142 31. Bxf5 Bxf5 32. Qxd6 Qc1+ 33. Kh2 Nf6) 31. Ra8 Rd8 32. Rb8 (32. Qh4 {was forced.} Re8 33. Qd4 Qxd4 34. Nxd4) 32... b4 ({Worse is} 32... Qxb2 33. Bxf5 Qa1+ 34. Kh2 $17) 33. Qh4 Qxh4 34. Nxh4 Rf8 35. Ng6 (35. Rb5 {was necessary.} Be6 36. Kh2) 35... Re8 {[%emt 0:01:14] Black is clearly winning.} 36. Bxf5 {[%emt 0:01:34] [#]} Bxf5 37. Rxe8+ Kf7 38. Rd8 Bxg6 39. Rxd6 {[%emt 0:00:03] [#]} b3 $1 40. Rxd5 {[%emt 0:00:00] Black must now prevent Rd7+.} c3 $1 {[%emt 0:00:00] Weighted Error Value: White=0.72/Black=0.26 (precise)} 0-1

[Event "Prague Festival-Challengers 2022"]
[Site "Prague"]
[Date "2022.06.13"]
[Round "5.1"]
[White "Michalik, Peter"]
[Black "Keymer, Vincent"]
[Result "0-1"]
[ECO "B51"]
[WhiteElo "2579"]
[BlackElo "2667"]
[Annotator "TA"]
[PlyCount "88"]
[EventDate "2022.06.07"]
[EventType "tourn"]
[EventCountry "CZE"]
[SourceTitle "playchess.com"]
[Source "ChessBase"]
[SourceQuality "1"]
[TimeControl "40/5400+30:1800+30"]

1. e4 c5 2. Nf3 d6 3. Bb5+ Nd7 4. O-O a6 5. Bd3 Ngf6 6. Re1 {[%emt 0:00:47] B51: Sicilian: Moscow Variation (3 Bb5+) without 3...Bd7.} e6 7. Bf1 b6 8. c4 {[%emt 0:04:06] The position is equal.} Bb7 9. Nc3 Ne5 10. d4 Nxf3+ 11. gxf3 {[%emt 0:00:06] [#]} g6 $146 ({Predecessor:} 11... Be7 12. d5 e5 13. f4 Bc8 14. fxe5 dxe5 15. f4 Bd6 16. Qf3 Qc7 17. f5 Be7 {1-0 (39) Niemann,H (2637)-Yilmaz,M (2626) Havana 2022}) 12. Bg5 Be7 13. Bh6 (13. Be3 $11) 13... g5 (13... cxd4 $17 14. Qxd4 g5) 14. dxc5 $15 bxc5 15. f4 (15. Bxg5 Rg8 16. h4 Nh5 $19) 15... Rg8 ({Better is} 15... gxf4 $11 16. Bxf4 Rg8+ 17. Bg2 Ng4) 16. fxg5 $14 Bf8 $1 17. Bxf8 (17. Qa4+ $2 Nd7 18. Kh1 Bxh6 19. gxh6 Qg5 $19) 17... Rxg5+ 18. Bg2 Kxf8 19. Qd2 (19. Re3 $14) 19... Nh5 $15 20. Rad1 e5 {[%emt 0:01:18] aiming for ...Nf4.} 21. Re3 (21. Qxd6+ $2 Qxd6 22. Rxd6 Nf4 $19) 21... Rg6 {[%emt 0:02:35] And now ...Qg5 would win.} 22. Rh3 Nf4 (22... Rxg2+ 23. Kxg2 Nf4+ 24. Kf1 Nxh3 25. Qh6+ Ke8 26. Qxh3 $14) (22... Qd7 $5 23. Kh1 (23. Rxh5 Qg4 $17) 23... Nf4 $11) 23. Rg3 Qh4 24. Rxg6 hxg6 25. Qxd6+ Kg8 26. f3 {[%emt 0:00:08] Inhibits Qg4.} Qg5 {[%emt 0:01:56][%csl Gf4][%cal Rg5g2][%mdl 1024] Black has compensation.} 27. Rd2 Ne6 {[%emt 0:06:06] White must now prevent ...Rd8.} (27... Nxg2 28. Rxg2 Qe3+ 29. Rf2 Qg5+ 30. Rg2 Qe3+ 31. Rf2 Qg5+ 32. Kf1) 28. Rf2 (28. Qd3 $1 $11 {keeps the balance.}) 28... Rd8 $17 29. Qb6 {[%emt 0:00:05] [#]} Nf4 $1 30. Kh1 (30. Qxb7 Nh3+ 31. Kh1 Nxf2+ 32. Kg1 Nh3+ 33. Kh1 Qc1+) 30... Qh4 31. Kg1 (31. Qxc5 $2 Nd3 32. Qe3 Nxf2+ $19) 31... Qg5 {[%emt 0:03:30] ( -> ...Nh3+). Black is more active.} 32. Kh1 $1 (32. Qxb7 Nh3+ 33. Kh1 Nxf2+ 34. Kg1 Nh3+ 35. Kh1 Qc1+) 32... Ba8 (32... Bc8 $17 33. Nd5 (33. Qxc5 $2 Nd3 $19) 33... Qh4 34. Nxf4 (34. Qxc5 $2 Nd3 $19) 34... Rd2) 33. Bf1 $11 (33. Qxc5 $2 Nd3 34. Qb6 Nxf2+ 35. Qxf2 Qc1+ 36. Bf1 Rd2 $19) 33... Ne6 34. Bh3 (34. Qxa6 $2 Qe3 35. Re2 Qxf3+ 36. Kg1 (36. Bg2 $2 Rd1+ 37. Nxd1 Qxe2 $19) 36... Kg7 $19) 34... Nf4 $40 {[%emt 0:00:04][%mdl 128] Black attacks.} 35. Bf1 Ne6 36. Bh3 ({Avoid the trap} 36. Qxa6 $2 Qe3 37. Re2 Qxf3+ 38. Kg1 (38. Bg2 $2 Rd1+ 39. Nxd1 Qxe2 $19) 38... Kg7 $19) 36... Nd4 37. Rg2 Qe7 38. Rg3 ({Of course not} 38. Qxa6 Nxf3 39. Rf2 Bb7 $17) (38. Nd5 $11 {might be stronger.} Qd6 39. Qxd6 Rxd6 40. Rf2) 38... Kg7 $15 39. Bf1 $2 {[%emt 0:05:53] White does not recover from this.} ({White should try} 39. Bf5 $15) 39... Rh8 $1 $19 40. h3 Qh4 41. Kg2 Qf4 {[%emt 0:11:25] ...Qd2+ is the strong threat.} 42. Qxc5 $2 {[%emt 0:02:35] [#]} (42. Ne2 Qd2 43. Kf2) 42... Qd2+ $1 43. Kh1 {[%emt 0:05:39] [#]} (43. Ne2 {was necessary.} Nxe2 44. Qxe5+ Kh7 45. Qg5 Qxb2 46. Bxe2 Qxe2+ 47. Kh1 Qxc4 48. Qf6) 43... Rh5 $1 {[%emt 0:01:44] Threatens to win with ...Qf2.} 44. Qc8 Qf2 {[%emt 0:02:10] Weighted Error Value: White=0.42/Black=0.10 (very precise)} 0-1

[Event "Prague Festival-Challengers 2022"]
[Site "Prague"]
[Date "2022.06.13"]
[Round "5.2"]
[White "Niemann, Hans Moke"]
[Black "Sasikiran, Krishnan"]
[Result "1-0"]
[ECO "A20"]
[WhiteElo "2656"]
[BlackElo "2651"]
[Annotator "TA"]
[PlyCount "71"]
[EventDate "2022.06.07"]
[EventType "tourn"]
[EventCountry "CZE"]
[SourceTitle "playchess.com"]
[Source "ChessBase"]
[SourceQuality "1"]
[TimeControl "40/5400+30:1800+30"]

1. c4 e5 2. g3 Nf6 3. Bg2 d5 4. cxd5 Nxd5 5. Nf3 Nc6 6. O-O Nb6 7. b3 {[%emt 0:00:10] A20: English Opening: 1...e5.} Be6 {[%emt 0:02:29] is recently more successful than 7...Be7.} 8. Bb2 f6 $1 9. Nc3 {[%emt 0:00:12] The position is equal.} Qd7 10. Rc1 O-O-O 11. Qc2 Kb8 12. Rfd1 Bb4 {[%emt 0:16:53] [#]} 13. d4 $146 ({Predecessor:} 13. Ne4 Qe7 14. d4 exd4 15. Nxd4 Nxd4 16. Rxd4 Rxd4 17. Bxd4 Bf5 18. Bc5 Bxc5 {½-½ (18) Beltins,G (2143)-Castle Jr,T (2147) ICCF email 2019}) 13... Bxc3 14. Bxc3 e4 15. Qxe4 Bf5 16. Qf4 {[%emt 0:09:13] e4 is the strong threat.} Nd5 17. Qd2 Rhe8 18. Bb2 g5 19. Ne1 h5 20. Nd3 h4 21. Rc5 Qe6 22. Rxd5 Rxd5 23. Nc5 Rxc5 24. dxc5 Qxe2 25. Qxe2 (25. Bxf6 $2 Qxd2 26. Rf1 h3 $19) 25... Rxe2 26. Bxf6 h3 {[%emt 0:00:20] [#]} (26... hxg3 $142 27. fxg3 (27. hxg3 Rxa2 28. Re1 Bd7 $16) 27... g4) 27. Bf1 $1 $16 {[%emt 0:03:39] A strong pair of Bishops.} Rxa2 28. Bxg5 a5 (28... Ra3 $142) 29. Bf4 ({White should play} 29. Bf6 $16) 29... Bg4 (29... Be6 $11) 30. f3 (30. Rd3 $5 ) 30... Bxf3 31. Rd7 Bg2 (31... Bg4 $1 $11 {remains equal.} 32. Rxc7 Ka7) 32. Bc4 ({Don't blunder} 32. Bxc7+ $2 Kc8 33. Rf7 (33. Rh7 $2 Ra1 $19) 33... Ra1 $19) ({Not} 32. Rxc7 Ka7 33. Rf7 Nd4 $15) 32... Bf3 $2 {[%emt 0:04:13][%mdl 8192] Loses the game.} (32... Be4 $16) 33. Bxc7+ $18 Kc8 {[%emt 0:03:17] [#]} 34. Be6 $1 Rg2+ 35. Kf1 Re2 36. Rd8+ {[%emt 0:00:06] Weighted Error Value: White=0.13 (very precise) /Black=0.58} 1-0

[Event "Prague Festival-Challengers 2022"]
[Site "Prague"]
[Date "2022.06.13"]
[Round "5.3"]
[White "Abdusattorov, Nodirbek"]
[Black "Stocek, Jiri"]
[Result "1-0"]
[ECO "B55"]
[WhiteElo "2661"]
[BlackElo "2533"]
[Annotator "TA"]
[PlyCount "55"]
[EventDate "2022.06.07"]
[EventType "tourn"]
[EventCountry "CZE"]
[SourceTitle "playchess.com"]
[Source "ChessBase"]
[SourceQuality "1"]
[TimeControl "40/5400+30:1800+30"]

1. e4 c5 2. Nf3 d6 3. d4 cxd4 4. Nxd4 Nf6 5. Bd3 Nc6 6. Be3 {[%emt 0:00:24] B55: Sicilian: 2...d6 3 d4 cxd4 4 Nxd4 Nf6 5 f3.} e5 7. Nxc6 bxc6 8. O-O {[%emt 0:01:07] [#] The position is equal.} Ng4 $146 ({Predecessor:} 8... Be7 9. c4 O-O 10. Nc3 Rb8 11. b3 Qc7 12. h3 Be6 13. Qf3 Rfd8 14. Rac1 Qb7 {1-0 (28) Moeller,M (1206)-Gold,M (1165) Playchess.com INT 2020}) 9. Bd2 Rb8 10. b3 d5 11. Nc3 Bc5 (11... Qh4 12. h3 d4 13. hxg4 $16) (11... Bd6 $11) 12. Qf3 O-O (12... Qh4 13. h3 $18) ({Black should try} 12... d4 $14) 13. exd5 $16 (13. h3 f5 14. exd5 (14. hxg4 $2 fxe4 15. Qg3 exd3 $19) 14... e4 $15) 13... f5 (13... Qh4 14. h3 cxd5 15. Nxd5 $16 (15. hxg4 e4 $16)) (13... cxd5 $142 14. Nxd5 Be6) 14. Bc4 (14. dxc6 $142 {Threatens to win with Qd5+.} Be6 15. Rae1) 14... Kh8 15. h3 $36 {[%emt 0:02:23][%mdl 2048] Keeping Black busy.} Nf6 16. Rad1 e4 (16... cxd5 $16 {is a better defense.} 17. Nxd5 Bb7) 17. Qg3 $18 f4 $2 (17... Rb6) 18. Bxf4 Nh5 {[%emt 0:01:02] [#]} 19. dxc6 $1 Qe8 20. c7 ({Not} 20. Bxb8 Nxg3 21. Bxg3 Qxc6 $18) (20. Qg5 Be7 21. Qxe7 Qxe7 $18) 20... Ra8 {[%emt 0:01:21] [#]} 21. Rd8 $1 Nxg3 22. Rxe8 {[%emt 0:00:06] Chess con chili. Active counter play!} Rxe8 23. Bxg3 Bb7 24. b4 {[%emt 0:02:39] White is clearly winning.} Bd4 25. Nb5 Ba6 26. Rd1 Bb6 27. Nd6 Bxc4 28. Nxc4 {[%emt 0:00:02] Weighted Error Value: White=0.09 (flawless) /Black=0.43} 1-0

[Event "Prague Festival-Challengers 2022"]
[Site "Prague"]
[Date "2022.06.13"]
[Round "5.4"]
[White "Krzyzanowski, Marcin"]
[Black "Warmerdam, Max"]
[Result "0-1"]
[ECO "E68"]
[WhiteElo "2535"]
[BlackElo "2614"]
[Annotator "TA"]
[PlyCount "74"]
[EventDate "2022.06.07"]
[EventType "tourn"]
[EventCountry "CZE"]
[SourceTitle "playchess.com"]
[Source "ChessBase"]
[SourceQuality "1"]
[TimeControl "40/5400+30:1800+30"]

1. Nf3 Nf6 2. g3 g6 3. Bg2 Bg7 4. O-O O-O 5. c4 d6 6. d4 Nbd7 7. Nc3 e5 8. e4 exd4 9. Nxd4 Nc5 10. h3 Re8 11. Re1 h6 12. Rb1 {[%emt 0:03:15] 12.Qc2 is the modern continuation.} a5 {[%emt 0:00:23] E68: King's Indian: Fianchetto: 6...Nbd7 7 0-0 e5 8 e4.} 13. b3 a4 $5 {[%emt 0:09:04][%mdl 4] A promising side line.} 14. Ndb5 (14. Nxa4 Nfxe4 15. Nb5 Re7 $15) (14. b4 $5 Ne6 15. Ndb5 $14) 14... axb3 {[%emt 0:04:26] White is slightly better.} 15. axb3 Bd7 16. Bb2 {[%emt 0:10:59] [#]} (16. b4 $5 Ne6 17. f4 $11) 16... Qc8 $146 ({Predecessor:} 16... Ne6 17. Kh2 h5 18. Ra1 Rxa1 19. Qxa1 h4 20. Nd5 Nxd5 21. exd5 Bxb2 22. Qxb2 Ng7 23. Rxe8+ {½-½ (23) Kolev,A (2495)-Pavlovic,M (2495) Barbera del Valles 1994}) 17. Kh2 Bxb5 (17... h5 $11) 18. cxb5 $14 Qe6 19. b4 (19. Na4 {is more complex.} Nxb3 20. Bxf6 Bxf6 21. e5) 19... Ncd7 20. f4 Qc4 21. Qf3 Nb6 22. e5 (22. Rec1 $11 Qb3 23. Ba1) 22... dxe5 $15 23. fxe5 Nfd7 {[%emt 0:00:44] Pair of Knights!} 24. Ne4 (24. Qxb7 $15 Rab8 25. Qe4) 24... Nxe5 $17 25. Bxe5 Rxe5 26. Rbc1 Qxb4 27. Rxc7 Rf5 28. Qe2 Rb8 ({Inferior is} 28... Qxb5 29. Qxb5 Rxb5 30. Rxf7 $11) (28... Be5 $17 29. Rxb7 Nc4) 29. Rf1 Be5 30. Rxf5 $2 {[%emt 0:02:50] Loses the game.} (30. Rcc1 $17 {is a better defense.}) 30... gxf5 $19 31. Rc5 {[%emt 0:01:42] [#]} Qd4 ({Resist} 31... fxe4 32. Rxe5 Rf8 33. Rxe4 $18) ({Weaker is} 31... Bxg3+ 32. Kxg3 fxe4 33. Qg4+ Kf8 34. Rf5 Qa3+ 35. Kh4 $15) 32. Qh5 $2 (32. Nf6+ {keeps fighting.} Bxf6 33. Rxf5) 32... Nd7 (32... fxe4 $2 33. Rxe5 e3 34. Re4 $16) 33. Rc1 {[%emt 0:01:50] Hoping for Rd1.} fxe4 {[%emt 0:00:56] Black is clearly winning.} 34. Rd1 Nf6 {[%emt 0:00:27] aiming for ...Qc3.} 35. Qxh6 Qxd1 36. Qg5+ Kf8 {[%emt 0:00:05] [#] ( -> ...Bd4)} 37. Qxe5 Nd7 {[%emt 0:00:05] Weighted Error Value: White=0.86/Black=0.18 (very precise)} 0-1

[Event "Prague Festival-Challengers 2022"]
[Site "Prague"]
[Date "2022.06.13"]
[Round "5.5"]
[White "Pechac, Jergus"]
[Black "Hracek, Zbynek"]
[Result "1/2-1/2"]
[ECO "D02"]
[WhiteElo "2597"]
[BlackElo "2570"]
[Annotator "TA"]
[PlyCount "77"]
[EventDate "2022.06.07"]
[EventType "tourn"]
[EventCountry "CZE"]
[SourceTitle "playchess.com"]
[Source "ChessBase"]
[SourceQuality "1"]
[TimeControl "40/5400+30:1800+30"]

1. d4 Nf6 2. Nf3 d5 3. Bf4 c5 4. e3 Nc6 5. Nbd2 cxd4 6. exd4 {[%emt 0:00:07] D02: 1 d4 d5 2 Nf3 sidelines, including 2...Nf6 3 g3 and 2...Nf6 3 Bf4.} Bf5 7. Bb5 Rc8 8. Ne5 Qb6 {[%emt 0:00:16][%csl LRb5,LRd4] [#]} 9. Qe2 $146 ({Predecessor:} 9. Bxc6+ bxc6 10. Nb3 h6 11. O-O e6 12. c4 Be7 13. Qe2 Qa6 14. Nc5 Bxc5 15. dxc5 {1-0 (38) Abasov,N (2665)-Navara,D (2697) Prague 2021}) 9... Qxd4 10. g3 Qb6 (10... Bxc2 11. Rc1 Ba4 12. Nxc6 Rxc6 13. Bxc6+ Bxc6 14. O-O $16) 11. O-O e6 12. g4 Bg6 13. h4 (13. Nxg6 hxg6 14. g5 Nd7 $17) 13... a6 (13... Bxc2 14. Rac1 Qd4 15. Qe3 Qxe3 16. Bxe3 $16) 14. Bxc6+ bxc6 15. h5 (15. Rac1 $11 {keeps the balance.}) 15... Be4 (15... Bxc2 $17 {...Qb5 is the strong threat.} 16. Ndc4 dxc4 17. Qxc2 Qb5) 16. g5 $11 Rg8 {[%emt 0:00:23] [#]} 17. Kh2 (17. g6 $1 $16 fxg6 18. Nxe4 Nxe4 19. hxg6 (19. Qg4 c5 $16)) 17... Bf5 {[%emt 0:03:27] Strongly threatening ...Qd4.} 18. gxf6 gxf6 {[%emt 0:00:03] And now ...Qd4 would win.} 19. Nef3 {[%emt 0:01:12] Against Qd4} Qb4 $1 20. c4 Bd6 (20... Rg4 $1 $15 {stays ahead.} 21. Bg3 dxc4) 21. Bg3 Bxg3+ 22. fxg3 Qxb2 23. cxd5 cxd5 24. Qxa6 Rc2 25. Qa4+ (25. Qa8+ $6 Ke7 26. Qa5 (26. Qxg8 $2 Rxd2+ 27. Nxd2 Qxd2+ 28. Kg1 Qd4+ 29. Kg2 Qb2+ 30. Kf3 Be4+ 31. Ke3 Qc3+ 32. Ke2 Bd3+ 33. Kf2 Qb2+ 34. Ke3 Qe2+ 35. Kd4 Qc2 $19) 26... Rgc8 $11) 25... Kf8 26. Qf4 (26. Qa5 $5 Kg7 27. Rfb1 $11) 26... Rg5 $36 {[%emt 0:07:17][%mdl 2048] Black has good play. The position is equal.} 27. Rab1 (27. Nxg5 $2 Rxd2+ 28. Qxd2 Qxd2+ 29. Kg1 Qxg5 $19) 27... Qc3 $1 (27... Rxh5+ $2 28. Kg1 Qa3 29. g4 $18) 28. Rf2 Rxh5+ 29. Nh4 e5 30. Rb8+ Ke7 $1 (30... Kg7 31. Qxf5) 31. Rb7+ Kf8 32. Rb8+ Ke7 $1 (32... Kg7 {gets mated.} 33. Qxf5) 33. Qa4 {[%emt 0:01:26] Black must now prevent Qe8+. The board is on fire.} Rxh4+ (33... Rxd2 $2 34. Qe8+ Kd6 35. Rb6+ (35. Qd8+ Kc5 $11) 35... Kc5 36. Rc6+ Kd4 37. Rxc3 Rxf2+ 38. Kg1 Kxc3 39. Kxf2 $18) 34. Qxh4 (34. gxh4 $2 {perishes.} Qh3+ 35. Kg1 Rc1+ 36. Nf1 {[#]} Rxf1+ $1 37. Rxf1 Qg3+ 38. Kh1 Be4+ 39. Qxe4 dxe4 40. Rb7+ Ke6 41. Rb6+ Kd5 42. Rb5+ Kc4 $19) 34... Rxd2 35. Rb7+ Ke8 36. Rb8+ Ke7 37. Rb7+ Ke8 38. Rb8+ Ke7 39. Rb7+ {[%emt 0:00:05] Weighted Error Value: White=0.16 (very precise) /Black=0.16 (very precise)} 1/2-1/2

[Event "Prague Festival-Challengers 2022"]
[Site "Prague"]
[Date "2022.06.14"]
[Round "6.1"]
[White "Keymer, Vincent"]
[Black "Krzyzanowski, Marcin"]
[Result "1/2-1/2"]
[ECO "D73"]
[WhiteElo "2667"]
[BlackElo "2535"]
[Annotator "TA"]
[PlyCount "113"]
[EventDate "2022.06.07"]
[EventType "tourn"]
[EventCountry "CZE"]
[SourceTitle "playchess.com"]
[Source "ChessBase"]
[SourceQuality "1"]
[TimeControl "40/5400+30:1800+30"]

1. d4 Nf6 2. c4 g6 3. g3 c6 4. Bg2 d5 5. Qb3 Bg7 6. Nc3 dxc4 7. Qxc4 O-O 8. Nf3 a5 {[%emt 0:01:45] D73: Fianchetto Grünfeld: 5 Nf3 .} 9. O-O a4 {[%emt 0:05:42] [#]} 10. Qd3 $146 ({Avoid the trap} 10. Nxa4 $2 b5 11. Qc3 Rxa4 $19) ({Predecessor:} 10. Bf4 Qa5 11. Qxa4 Qxa4 12. Nxa4 Rxa4 13. Bxb8 Be6 14. Be5 Rxa2 15. Rxa2 Bxa2 16. Ra1 {½-½ (41) Loginov,V (2540)-Yandemirov,V (2475) Togliatti 2003}) 10... Qa5 {[%emt 0:07:51] White is slightly better.} 11. e4 Rd8 12. e5 (12. Bd2 $14) 12... Bf5 $11 13. Qe2 Nd5 14. Bg5 f6 15. Bd2 Qa6 16. Rfe1 Qxe2 17. Rxe2 Nb6 18. Ne4 Nc4 19. Bb4 fxe5 20. Bxe7 Re8 21. Nf6+ Bxf6 22. Bxf6 e4 23. Ne5 Nxe5 24. Bxe5 Nd7 25. Bf4 Re6 26. h3 {[%emt 0:02:26] [#] Threatens to win with g4.} h5 {[%emt 0:00:06] Against g4} 27. Rd1 Nf6 28. Rde1 Kf7 29. Be5 Nd7 30. Bxe4 Bxh3 31. Re3 (31. Bc7 $1 $14) 31... Bf5 32. Bg2 Nb6 33. Rc1 Ra5 {[%emt 0:02:24] [#]} (33... Nd7 $11 {remains equal.}) 34. Bf1 {[%emt 0:00:54] White is more active. This bishop pair is nice.} (34. b4 $1 $16 Rb5 35. a3) 34... Nd5 35. Ra3 Re8 36. Bc4 Be6 37. Rf3+ Bf5 38. Bd3 Ke6 39. Re1 Raa8 40. Bxf5+ gxf5 41. Bb8+ Kd7 42. Rxe8 Kxe8 $14 {[%emt 0:00:05][%mdl 4096] Endgame KRB-KRN} 43. Be5 a3 44. bxa3 ({Don't play} 44. Rxa3 Rxa3 45. bxa3 Nc3 $11) 44... b5 45. Rxf5 Rxa3 46. Rxh5 Rxa2 47. Rh8+ (47. Rh7 $1 $14) 47... Kf7 $11 {[%emt 0:03:06] The position is equal.} 48. Rh7+ Kg6 49. Rg7+ Kf5 50. f3 b4 51. g4+ Ke6 52. Rb7 c5 53. f4 cxd4 54. Bxd4 {[%emt 0:00:42] And now f5+ would win.} Nxf4 55. Rxb4 Rg2+ 56. Kf1 Rxg4 57. Be3 {[%emt 0:00:17] Weighted Error Value: White=0.10 (very precise) /Black=0.09 (flawless)} 1/2-1/2

[Event "Prague Festival-Challengers 2022"]
[Site "Prague"]
[Date "2022.06.14"]
[Round "6.2"]
[White "Pechac, Jergus"]
[Black "Niemann, Hans Moke"]
[Result "1/2-1/2"]
[ECO "E56"]
[WhiteElo "2597"]
[BlackElo "2656"]
[Annotator "TA"]
[PlyCount "60"]
[EventDate "2022.06.07"]
[EventType "tourn"]
[EventCountry "CZE"]
[SourceTitle "playchess.com"]
[Source "ChessBase"]
[SourceQuality "1"]
[TimeControl "40/5400+30:1800+30"]

1. d4 Nf6 2. c4 e6 3. Nc3 Bb4 4. e3 O-O 5. Bd3 d5 6. Nf3 c5 7. O-O Nc6 8. cxd5 exd5 9. dxc5 Bxc5 10. b3 Bg4 $1 {[%emt 0:00:45] 10...Bg4 is better than 10...Qe7.} 11. Bb2 {[%emt 0:01:44] E56: Nimzo-Indian: Rubinstein: Main Line: 7...Nc6.} a6 12. h3 Bh5 13. Be2 Rc8 14. Rc1 Ba7 15. Nh4 Bg6 16. Nxg6 hxg6 17. Bf3 d4 18. exd4 Bxd4 19. Rc2 {[%emt 0:02:07] With the idea Rd2.} Be5 {[%emt 0:01:16] [#]} 20. Nd5 $146 ({Predecessor:} 20. Rd2 Qa5 21. Bxc6 Rxc6 22. Nd5 Re6 23. Bxe5 Rxe5 24. Ne3 Re6 25. Nc4 Qc5 26. Rd6 Rfe8 {½-½ (26) Babula,V (2597)-Wojtaszek,R (2593) Burguillos 2008}) 20... Bxb2 21. Rxb2 Ne5 22. Rd2 {[%emt 0:00:10] next Nxf6+ is good for White.} Nxf3+ 23. Qxf3 Nxd5 24. Rxd5 Qe7 25. Rfd1 Rc7 26. Qd3 Rfc8 {[%emt 0:00:51][%cal Bf8c8,Bc8c1,Bc1c2][%mdl 32] The position is equal.} 27. Rd7 Rxd7 28. Qxd7 Qxd7 29. Rxd7 Rc1+ 30. Kh2 Rc2 {[%emt 0:00:04][%csl LRa2,LRf2] A balanced but interesting game.  Weighted Error Value: White=0.02 (flawless) /Black=0.02 (flawless)} 1/2-1/2